 Dungeon Crawl Stone Soup version 0.30-a0-354-g6b83867211 (webtiles) character file.

Game seed: 6280983761419256700

40 mopl the Cudgeller (level 3, -6/35 HPs)
             Began as a Gnoll Cinder Acolyte on Nov 7, 2022.
             Was a High Priest of Ignis.
             Mangled by Terence
             ... wielding a +0 flail
              (7 damage)
             ... on level 2 of the Dungeon.
             The game lasted 00:01:29 (970 turns).

mopl the Cudgeller (Gnoll Cinder Acolyte)            Turns: 970, Time: 00:01:29

Health: -6/35      AC:  8    Str: 21    XL:     3   Next: 50%
Magic:  0/7        EV:  7    Int: 13    God:    Ignis [*****.]
Gold:   85         SH:  0    Dex:  7    Spells: 7/7 levels left

rFire   + . .      SeeInvis .    a - -1 mace (flame)
rCold   . . .      Faith    .    (no shield)
rNeg    . . .      Spirit   +    o - +0 chain mail
rPois   .          Reflect  .    (no helmet)
rElec   .          Harm     .    (no cloak)
rCorr   .          Rampage  .    (no gloves)
Will    .....                    (no boots)
Stlth   ..........               h - amulet of guardian spirit
HPRegen 0.25/turn                d - +6 ring of strength
MPRegen 0.10/turn                (no ring)

@: no status effects
A: fangs 1, strong nose, distributed training
a: Renounce Religion, Fiery Armour, Foxfire Swarm, Rising Flame


You were on level 2 of the Dungeon.
You worshipped Ignis.
Ignis was extremely pleased with you.
You visited 1 branch of the dungeon, and saw 2 of its levels.

You collected 85 gold pieces.

Inventory:

Hand Weapons
 a - a -1 mace of flaming (weapon)
Missiles
 f - 2 boomerangs (quivered)
Armour
 o - a +0 chain mail (worn)
Jewellery
 d - a +6 ring of strength (left hand)
 h - an amulet of guardian spirit (around neck)
Scrolls
 g - 4 scrolls of fog {unknown}
 i - a scroll of identify {unknown}
 j - a scroll of blinking {unknown}
 l - a scroll of vulnerability {unknown}
 m - a scroll of enchant armour {unknown}
Potions
 b - a potion of invisibility {unknown}
 c - a potion of flight {unknown}
 e - 2 potions of ambrosia {unknown}
 k - 2 potions of degeneration {unknown}
 n - a potion of haste {unknown}


   Skills:
 + Level 6.5 Fighting
 + Level 0.9 Short Blades
 + Level 0.9 Long Blades
 + Level 0.9 Axes
 + Level 6.5 Maces & Flails
 + Level 0.9 Polearms
 + Level 0.9 Staves
 + Level 0.9 Ranged Weapons
 + Level 0.9 Throwing
 + Level 0.9 Armour
 + Level 0.9 Dodging
 + Level 0.9 Stealth
 + Level 0.9 Shields
 + Level 0.9 Unarmed Combat
 + Level 2.8 Spellcasting
 + Level 0.6 Conjurations
 + Level 0.6 Hexes
 + Level 0.6 Summonings
 + Level 0.6 Necromancy
 + Level 0.6 Translocations
 + Level 0.6 Transmutations
 + Level 5.4 Fire Magic
 + Level 0.6 Ice Magic
 + Level 0.6 Air Magic
 + Level 0.6 Earth Magic
 + Level 0.6 Poison Magic
 + Level 1.0 Invocations
 + Level 0.9 Evocations


You had 7 spell levels left.
You didn't know any spells.
Your spell library contained the following spells:

 Spells                   Type           Power      Damage    Failure   Level
 Scorch                   Fire           32%        2d7       38%         2


Dungeon Overview and Level Annotations

Branches:
Dungeon (1/15)

Altars:

Annotations:
D:1 dig
D:2 Terence


Innate Abilities, Weirdness & Mutations

You have very sharp teeth.
Your uncanny sense of smell can sniff out nearby items.
Your experience applies equally to all skills.


Message History

You are too injured to fight recklessly!
You are too injured to fight recklessly!
You are too injured to fight recklessly!
You are too injured to fight recklessly!
You are too injured to fight recklessly!
Okay, then.
Okay, then.
You aren't carrying any items that you can evoke.
Okay, then.
Okay, then.
Okay, then.
You hit Terence. You burn Terence.
Terence is severely wounded.
Terence hits you with a +0 flail.
* * * LOW HITPOINT WARNING * * *
You hit Terence but do no damage.
Terence is heavily wounded.
Terence hits you but does no damage.
You closely miss Terence.
Terence is heavily wounded.
Terence hits you with a +0 flail.
* * * LOW HITPOINT WARNING * * *
You closely miss Terence.
Terence is heavily wounded.
Terence hits you with a +0 flail.
* * * LOW HITPOINT WARNING * * *
You hit Terence but do no damage.
Terence is heavily wounded.
Terence hits you with a +0 flail.
* * * LOW HITPOINT WARNING * * *
Terence hits you with a +0 flail.
* * * LOW HITPOINT WARNING * * *
You hit Terence. You burn Terence.
Terence is severely wounded.
Terence hits you with a +0 flail.
* * * LOW HITPOINT WARNING * * *
You hit Terence but do no damage.
Terence is severely wounded.
Terence hits you with a +0 flail!
You die...

...#.#..# #.#
#.......... #.#
#...##..#..#<######.###
#...##..#[.#..........#
######### #########.#.#
#..#.# #.## # #######.#
∆∆∆ #...@@..# ∆∆
#......### ∆∆∆
#).....?. )#)...####
##### ## .# .#


You could see Terence.

Vanquished Creatures
  An adder (D:2)
  A worm (D:2)
  2 dart slugs
  3 bats
  3 endoplasms
  2 giant cockroaches (D:1)
  A goblin (D:1)
  2 jackals (D:2)
  2 quokkas (D:1)
  3 ball pythons
  2 frilled lizards (D:1)
  2 kobolds
  A rat (D:1)
25 creatures vanquished.

Notes
Turn   | Place    | Note
-------+----------+-------------------------------------------
     0 | D:1      | mopl the Gnoll Cinder Acolyte began the quest for the Orb.
     0 | D:1      | Reached XP level 1. HP: 23/23 MP: 4/4
   206 | D:1      | Reached XP level 2. HP: 25/29 MP: 5/5
   561 | D:1      | You fall into a shaft and drop 1 floor!
   611 | D:2      | Reached XP level 3. HP: 30/35 MP: 7/7
   811 | D:2      | Reached skill level 1 in Invocations
   811 | D:2      | Found a faded altar of an unknown god.
   955 | D:2      | Noticed Terence
   969 | D:2      | HP: 1/35 [Terence/+0 flail (4)]
   970 | D:2      | Mangled by Terence

Illustrated notes

Levels and vault maps discovered:
D:1:      kennysheep_arrival_seaside, layout_basic, skrybe_limestone_x,
          minmay_crystal_room, minmay_misc_feat_enclosed, due_unseen_surprise
D:2:      layout_basic, chequers_ecumenical_altar_simple_redux,
          minmay_misc_feat_five, uniq_crazy_yiuf_cottage, uniq_natasha,
          uniq_terence, uniq_robin

Skill      XL: |  1  2  3 |
---------------+----------+-----
Invocations    | 1 |  1.0
Fighting       | |  6.5
Short Blades   | |  0.9
Long Blades    | |  0.9
Axes           | |  0.9
Maces & Flails | |  6.5
Polearms       | |  0.9
Staves         | |  0.9
Ranged Weapons | |  0.9
Throwing       | |  0.9
Armour         | |  0.9
Dodging        | |  0.9
Stealth        | |  0.9
Shields        | |  0.9
Unarmed Combat | |  0.9
Spellcasting   | |  2.8
Conjurations   | |  0.6
Hexes          | |  0.6
Summonings     | |  0.6
Necromancy     | |  0.6
Translocations | |  0.6
Transmutations | |  0.6
Fire Magic     | |  5.4
Ice Magic      | |  0.6
Air Magic      | |  0.6
Earth Magic    | |  0.6
Poison Magic   | |  0.6
Evocations     | |  0.9

Action                   || total
-------------------------++-------
Melee: Mace              ||    87
       Bite              ||     3
       Punch             ||     1
Armor: Ring mail         ||    23
       Chain mail        ||     3
Dodge: Dodged            ||    37

Table legend: (Time is in decaauts)
 A = Elapsed time spent in this place.
 B = Non-inter-level travel time spent in this place.
 C = Inter-level travel time spent in this place.
 D = Time resting spent in this place.
 E = Time spent auto-exploring this place.
 F = Levels seen in this place.
 G = Mean time per level.
                   A        B        C        D        E       F      G
               +--------+--------+--------+--------+--------+-----+--------+
         Total |    975 |    975 |      0 |      0 |    758 |   2 |  487.5 |
       Dungeon |    975 |    975 |      0 |      0 |    758 |   2 |  487.5 |
               +--------+--------+--------+--------+--------+-----+--------+

Top non-repeatable levels by time:
     D:1: 563 daAuts
     D:2: 411 daAuts
